 Dungeon Crawl Stone Soup version 0.31-a0-43-g46d131a48f (webtiles) character file.

Game seed: 3753696044185543967

32 IdlyInterested the Charlatan (level 3, -1/28 HPs)
             Began as a Demonspawn Wanderer on May 18, 2023.
             Slain by a gnoll
             ... wielding a +1 flail of holy wrath
              (5 damage)
             ... on level 2 of the Dungeon.
             The game lasted 00:02:22 (794 turns).

IdlyInterested the Charlatan (Demonspawn Wanderer)   Turns: 794, Time: 00:02:22

Health: -1/28      AC: 10    Str: 16    XL:     3   Next: 8%
Magic:  3/3        EV:  7    Int: 13    God:
Gold:   28         SH:  0    Dex: 10    Spells: 2/2 levels left

rFire   . . .        i - +0 flail
rCold   . . .        (no shield)
rNeg    . . .        m - +0 chain mail
rPois   .            (no helmet)
rElec   .            o - +0 cloak
rCorr   .            (no gloves)
SInv    .            (no boots)
Will    .....        f - amulet of magic regeneration Stlth
                     (no ring)
HPRegen 0.24/turn    (no ring)
MPRegen 0.48/turn

%: no passive effects
@: no status effects
A: demonic guardian 1
a: no special abilities


You were on level 2 of the Dungeon.
You visited 1 branch of the dungeon, and saw 2 of its levels.

You collected 28 gold pieces.

Inventory:

Hand Weapons
 a - a +0 hand axe
 i - a +0 flail (weapon)
Missiles
 c - 4 stones
 k - 2 poisoned darts (quivered)
Armour
 m - a +0 chain mail (worn)
 o - a +0 cloak (worn)
Jewellery
 f - an amulet of magic regeneration (around neck)
 n - a ring of positive energy
Scrolls
 g - a scroll of teleportation {unknown}
 h - 2 scrolls of identify {unknown}
 l - a scroll of immolation {unknown}
Potions
 b - a potion of lignification
 d - a potion of berserk rage
 j - a potion of magic {unknown}
 p - a potion of heal wounds {unknown}
Miscellaneous
 e - a phial of floods (inert)


   Skills:
 * Level 2.5 Fighting
 - Level 1.0 Throwing
 - Level 2.6 Armour
 + Level 1.2 Dodging
 - Level 1.0 Stealth
 - Level 1.0 Unarmed Combat
 - Level 3.0 Evocations


You had 2 spell levels left.
You didn't know any spells.
Your spell library contained the following spells:

 Spells                   Type           Power      Damage    Failure   Level
 Foxfire                  Conj/Fire      0%         2x1d4     98%         1
 Fireball                 Conj/Fire      0%         3d3       100%        5
 Plasma Beam              Fire/Air       0%         2x1d11    100%        6
 Starburst                Conj/Fire      0%         6d3       100%        6


Dungeon Overview and Level Annotations

Branches:
Dungeon (2/15)

Altars:
Makhleb


Innate Abilities, Weirdness & Mutations

A weak demonic guardian rushes to your aid.


Message History

Aim the phial where?
Press: ? - help, Shift-Dir - straight line, f - gnoll
Aim: a gnoll, wielding a +0 club The torrent of water hits the gnoll!
You kill the gnoll!
The wave splashes down.
The gnoll is engulfed in water. x2
You hear an angry hiss.
You hear a shout! x3
You have reached level 3!
Your experience leads to an increase in your attributes!
Increase (S)trength, (I)ntelligence, or (D)exterity?
You feel stronger. x2
A kobold comes into view. It is wielding a +0 quarterstaff.
Found a club.
The gnoll hits you but does no damage.
You sock the gnoll!
The gnoll is severely wounded.
A quokka comes into view.
The gnoll hits you with a +0 whip. The gnoll completely misses you.
A ball python comes into view.
You barely miss the gnoll.
The gnoll is severely wounded.
The gnoll is no longer waterlogged.
The gnoll hits you but does no damage.
The gnoll hits you with a +1 flail of holy wrath.
You convulse.
You completely miss the gnoll.
The gnoll is severely wounded.
The gnoll is no longer waterlogged.
The gnoll hits you with a +0 whip. The gnoll closely misses you.
The gnoll barely misses you. The gnoll hits you but does no damage.
You hit the gnoll but do no damage.
The gnoll is severely wounded.
The gnoll completely misses you. The gnoll barely misses you.
You closely miss the gnoll.
The gnoll is severely wounded.
The gnoll hits you but does no damage.
The gnoll hits you with a +1 flail of holy wrath!
You convulse!
* * * LOW HITPOINT WARNING * * *
A demonic guardian appears!
The kobold barely misses you.
The gnoll hits you with a +1 flail of holy wrath.
You die...

#. . #.##.
##.#..
####...~##
......)~>##
##....~~..##
#.....Kg...#
).....g@<5.#
#.....rS.....#
#...............
....)...........
##..............
#.........#....
#..........#####
......_....#


You could see 2 gnolls, a quokka, a ball python, a kobold and a friendly quasit
(summoned).

Vanquished Creatures
  A gnoll (D:2)
  A dart slug (D:1)
  3 endoplasms (D:1)
  A hobgoblin (D:1)
  A kobold (D:1)
  2 quokkas (D:1)
  5 ball pythons (D:1)
  A bat (D:1)
  3 frilled lizards (D:1)
  A goblin (D:1)
  2 rats (D:1)
21 creatures vanquished.

Notes
Turn   | Place    | Note
-------+----------+-------------------------------------------
     0 | D:1      | IdlyInterested the Demonspawn Wanderer began the quest for
                  | the Orb.
     0 | D:1      | IdlyInterested set off with the following items: a +0 club,
                  | a potion of lignification, a +0 scale mail, a potion of
                  | berserk rage, a phial of floods.
     0 | D:1      | Reached XP level 1. HP: 15/15 MP: 1/1
   278 | D:1      | Gained mutation: A weak demonic guardian rushes to your
                  | aid. [demonic ancestry]
   278 | D:1      | Reached XP level 2. HP: 20/22 MP: 2/2
   518 | D:1      | Found a faded altar of an unknown god.
   590 | D:1      | Reached skill level 1 in Dodging
   787 | D:2      | Found a burning altar of Makhleb.
   789 | D:2      | Reached XP level 3. HP: 28/28 MP: 3/3
   794 | D:2      | Slain by a gnoll

Illustrated notes

Levels and vault maps discovered:
D:1:      ncdulo_halloftheorcs, layout_basic, dilly_ecumenical_altar_fadedgnrine
D:2:      layout_rooms, serial_shops, nicolae_shop_advertising_works
          [nicolae_subvault_shop_adworks], basic_altar

Skill      XL: |  1  2 |
---------------+-------+-----
Fighting       | 2 |  2.5
Dodging        | 1 |  1.2
Throwing       | |  1.0
Armour         | |  2.6
Stealth        | |  1.0
Unarmed Combat | |  1.0
Evocations     | |  3.0

Action                     || total
---------------------------++-------
  Melee: Flail             ||    79
         Club              ||     8
  Evoke: Phial of floods   ||     1
 Armour: Scale mail        ||    33
         Chain mail        ||    23
  Dodge: Dodged            ||    51

Table legend: (Time is in decaauts)
 A = Elapsed time spent in this place.
 B = Non-inter-level travel time spent in this place.
 C = Inter-level travel time spent in this place.
 D = Time resting spent in this place.
 E = Time spent auto-exploring this place.
 F = Levels seen in this place.
 G = Mean time per level.
                   A        B        C        D        E       F      G
               +--------+--------+--------+--------+--------+-----+--------+
         Total |    826 |    826 |      0 |     33 |    477 |   2 |  413.0 |
       Dungeon |    826 |    826 |      0 |     33 |    477 |   2 |  413.0 |
               +--------+--------+--------+--------+--------+-----+--------+

Top non-repeatable levels by time:
     D:1: 818 daAuts
     D:2: 8 daAuts
